Map: Ulrena

Players

Jhyrachy - Winner!

  • Race: Zerg Zerg
  • League: Silver

DarkForce

  • Race: Protoss Protoss
  • League: Gold

VOD

Have the link to the VOD?

Description

Time

  • Played on: March 22, 2016, 2:30 p.m.
  • Length: 11:32
Show
View Real Time Build Order
Export as new Build Order

Jhyrachy Zerg - Winner!

Build Orders: Hatch First, Lurkers 

Get SALT Encoding   

  12  0:01  Drone  
  13  0:09  Drone  
  14  0:17  Overlord  
  14  0:36  Drone  
  14  0:37  Drone x2  
  17  1:13  Hatchery  
  17  1:16  Extractor  
  17  1:18  Drone x2  
  17  1:23  Spawning Pool  
  16  1:36  Overlord  
  16  2:06  Drone x3  
  19  2:19  Queen  
  21  2:27  Zergling x2  
  22  2:40  Queen  
  22  2:43  Drone x3  
  22  2:44  Drone  
  28  3:08  Drone x3  
  28  3:09  Drone x2  
  33  3:12  Lair  
  33  3:19  Extractor  
  31  3:29  Queen  
  33  3:44  Drone x2  
  33  3:47  Overlord x2  
  35  4:02  Overlord x2  
  35  4:03  Overlord  
  35  4:04  Hatchery  
  34  4:11  Queen  
  36  4:17  Hydralisk Den  
  36  4:18  Drone x2  
  36  4:19  Drone  
  38  4:26  Zergling x2  
  39  5:12  Muscular Augments  
  39  5:16  Hydralisk x2  
  39  5:17  Hydralisk x7  
  57  5:24  Queen  
  59  5:45  Hydralisk x3  
  65  6:25  Lurker Den  
  65  6:30  Queen x2  
  69  6:35  Queen  
  69  6:39  Drone x3  
  74  6:41  Overlord x3  
  74  7:05  Evolution Chamber  
  73  7:11  Evolution Chamber  
  67  7:50  Drone x3  
  70  7:51  Queen  
  72  8:02  Lurker x3  
  72  8:03  Lurker x2  
  77  8:10  Zerg Missile Weapons Level 1  
  77  8:17  Extractor  
  76  8:20  Extractor  
  76  8:24  Overlord x2  
  76  8:25  Overlord  
  75  8:34  Extractor  
  75  8:37  Zerg Ground Armor Level 1  
  74  8:56  Zergling x2  
  74  8:57  Zergling x32  
  74  8:58  Zergling x6  
  94  9:03  Metabolic Boost  
  59  10:26  Zergling x2  
  59  10:27  Zergling x22  
  67  11:04  Lurker x3  
Show
View Real Time Build Order
Export as new Build Order

DarkForce Protoss 

Build Orders:  

Get SALT Encoding   

  12  0:01  Probe (Chrono Boost)  
  13  0:11  Probe (Chrono Boost)  
  14  0:18  Pylon  
  14  0:22  Probe (Chrono Boost)  
  15  0:36  Probe (Chrono Boost)  
  15  0:40  Gateway  
  16  0:47  Probe (Chrono Boost)  
  16  0:48  Assimilator  
  17  0:57  Probe (Chrono Boost)  
  17  1:03  Gateway  
  18  1:08  Probe (Chrono Boost)  
  19  1:19  Probe (Chrono Boost)  
  20  1:31  Cybernetics Core  
  20  1:32  Zealot  
  22  1:38  Assimilator, Probe (Chrono Boost)  
  23  1:53  Pylon  
  23  2:11  Probe (Chrono Boost)  
  23  2:14  Warp Gate (Chrono Boost)  
  26  2:22  Mothership Core (Chrono Boost)  
  26  2:23  Stalker  
  28  2:35  Nexus  
  28  2:43  Probe (Chrono Boost)  
  29  2:51  Stalker  
  31  3:22  Pylon  
  31  3:24  Pylon  
  31  3:40  Probe, Zealot  
  34  3:43  Forge  
  34  3:47  Gateway  
  34  3:49  Probe  
  34  3:53  Probe  
  36  4:00  Probe  
  37  4:05  Probe, Gateway  
  38  4:13  Probe  
  39  4:17  Probe  
  39  4:18  Protoss Ground Weapons Level 1 (Chrono Boost)  
  39  4:19  Pylon  
  40  4:52  Photon Cannon  
  40  4:57  Zealot  
  40  4:58  Zealot x2  
  45  5:05  Probe  
  45  5:06  Probe, Pylon  
  47  5:12  Assimilator  
  47  5:15  Assimilator, Probe  
  47  5:18  Probe  
  47  5:19  Zealot x2  
  53  5:33  Stalker x2  
  53  5:34  Probe  
  57  5:35  Probe  
  59  5:44  Probe  
  59  5:47  Probe  
  61  5:55  Stalker x3  
  67  6:01  Protoss Ground Armor Level 1 (Chrono Boost)  
  67  6:05  Probe  
  67  6:07  Probe  
  69  6:16  Twilight Council  
  69  6:33  Pylon  
  69  6:35  Pylon, Stalker x3  
  69  6:37  Pylon  
  75  6:49  Robotics Facility  
  75  6:53  Stalker  
  77  6:55  Blink (Chrono Boost)  
  65  7:44  Protoss Ground Weapons Level 2, Stalker x4  
  65  7:47  Immortal (Chrono Boost)  
  65  7:50  Probe x2  
  79  8:02  Probe x2  
  79  8:03  Nexus  
  81  8:08  Templar Archives  
  81  8:13  Pylon  
  81  8:15  Pylon  
  81  8:17  Assimilator  
  81  8:19  Assimilator  
  81  8:28  Immortal (Chrono Boost)  
  85  8:39  Photon Cannon  
  85  9:02  Observer (Chrono Boost)  
  86  9:07  Photon Cannon  
  86  9:16  Photon Cannon  
  86  9:18  Photon Cannon  
  86  9:21  Observer (Chrono Boost)  
  69  9:47  Zealot x3  
  49  10:00  High Templar  
  51  10:15  High Templar x2  
  51  10:18  Mothership Core  
  51  10:22  Archon  
  44  10:33  Stalker  
  37  10:53  Zealot x2  
  41  11:10  Stalker  
  43  11:21  Photon Cannon  
  43  11:23  Pylon  
Tags
 
Composition
Lurkers
Matchup
PvZ
Add a new tag
Caveats
  • Supply blocks, unpowered buildings, or Contaminate may cause inaccurate times.
  • Supply counts are checked every 10 seconds.